 Dungeon Crawl Stone Soup version 0.20-a0-1023-gc4d110f (webtiles) character file.

39 M4edhros the Insei (level 3, 0/17 HPs)
             Began as a Vine Stalker Transmuter on Apr 19, 2017.
             Succumbed to an adder's poison
             ... on level 3 of the Dungeon.
             The game lasted 00:02:15 (586 turns).

M4edhros the Insei (Vine Stalker Transmuter)         Turns: 586, Time: 00:02:16

Health: 0/17       AC:  3    Str: 12    XL:     3   Next: 45%
Magic:  6/7        EV: 17    Int: 13    God:
Gold:   104        SH:  0    Dex: 20    Spells: 5/6 levels left

rFire    . . .     SeeInvis .     - Unarmed
rCold    . . .     Gourm    .   (no shield)
rNeg     . . .     Faith    .   b - +0 robe
rPois    .         Spirit   +   (no helmet)
rElec    .         Reflect  .   (no cloak)
rCorr    .         Harm     .   (no gloves)
MR       .....                  j - +0 pair of boots
Stlth    +++.......             (no amulet)
Regen    0.1/turn               (no ring)
MPRegen  0.1/turn               (no ring)

@: agile, lethally poisoned (0 -> -4), appendage (expiring), flying
A: fangs 2, horns 2, magic shield, antimagic bite, no potion heal 3, rot
immunity
a: End Transformation


You were on level 3 of the Dungeon.
You were not hungry.
You had grown temporary horns.
You visited 1 branch of the dungeon, and saw 3 of its levels.

You collected 104 gold pieces.

Inventory:

Hand Weapons
 e - a +1 dagger of draining
 r - a +3 mace
Missiles
 a - 12 arrows
Armour
 b - a +0 robe (worn)
 j - a +0 pair of boots (worn)
Scrolls
 g - a scroll of identify {unknown}
 h - a scroll of noise {unknown}
 i - a scroll of fog {unknown}
 k - a scroll of fear {unknown}
 o - a scroll of amnesia {unknown}
 p - a scroll of magic mapping {unknown}
Potions
 q - a potion of flight
Books
 c - a book of Changes

   Spells                             Type                      Level
   a - Beastly Appendage              Transmutation                1
   b - Sticks to Snakes               Transmutation                2
   c - Spider Form                    Transmutation/Poison         3
   d - Ice Form                       Ice/Transmutation            4
   e - Blade Hands                    Transmutation                5
Comestibles
 d - 2 bread rations
 f - a meat ration
 m - a chunk of flesh
 n - a royal jelly


   Skills:
 - Level 0.8 Fighting
 - Level 1.5 Dodging
 + Level 3.9 Unarmed Combat
 - Level 2.1 Spellcasting
 + Level 2.8 Transmutations


You had 5 spell levels left.
You knew the following spells:

 Your Spells              Type           Power        Failure   Level  Hunger
a - Beastly Appendage     Tmut           #.....       8%          1    ##.....


Dungeon Overview and Level Annotations

Branches:
Dungeon (3/15)

Altars:


Innate Abilities, Weirdness & Mutations

You have extremely sharp teeth.
When hurt, damage is shared between your health and your magic reserves.
Your bite disrupts and absorbs the magic of your enemies.
Potions cannot restore your health.
You are immune to rotting.
You have a pair of horns on your head.


Message History

Your transformation is almost over.
* * * LOW HITPOINT WARNING * * *
You feel sick. The adder closely misses you.
You hit the adder. Your bite misses the adder.
The adder is severely wounded.
The adder misses you.
You completely miss the adder. You bite the adder. You drain its power.
You feel invigorated.
The adder is severely wounded.
The adder bites you but does no damage.
You barely miss the adder. You bite the adder, but do no damage.
The adder is severely wounded.
* * * LOW HITPOINT WARNING * * *
You feel sick. The adder completely misses you.
You hit the adder.
You kill the adder!
Your life force feels restored.
Okay, then.
Okay, then.
You die...

....# #####.# ###.####
.......## ###..#..##
##..#..###
##......###### #
###.##......## .#
#......##..#..###
.#####....###@.....#
#..........)..#..##$..
########...##...##
#............
#.<....#.####
.......##.# ###...###
.. #...# ##. #...# ##


There were no monsters in sight!

Vanquished Creatures
  An adder (D:3)
  An ooze (D:1)
  A worm (D:2)
  2 giant cockroaches (D:2)
  3 goblins
  5 hobgoblins
  3 bats (D:1)
  2 frilled lizards (D:1)
  A kobold (D:1)
  3 rats
22 creatures vanquished.

Notes
Turn   | Place    | Note
-------+----------+-------------------------------------------
     0 | D:1      | M4edhros the Vine Stalker Transmuter began the quest for the Orb.
     0 | D:1      | Reached XP level 1. HP: 9/9 MP: 4/4
   113 | D:1      | Reached XP level 2. HP: 8/14 MP: 6/6
   439 | D:2      | Reached XP level 3. HP: 13/17 MP: 5/7
   586 | D:3      | Succumbed to an adder's poison

Vault maps used:
D:1:      minmay_arrival_diagonal_passages
D:2:      first_bread, nicolae_ru_sacrificial_ziggurat

Action                   || total
-------------------------++-------
Melee: Unarmed           ||   104
       Bite              ||    21
       Kick              ||     1
       Headbutt          ||     5
 Cast: Beastly Appendage ||     6
  Use: Potion            ||     2
Armor: Robe              ||    43
Dodge: Dodged            ||   106
